 Dungeon Crawl Stone Soup version 0.21.1-1-g345015f (webtiles) character file.

75 ChromeMolly the Ducker (level 4, -4/31 HPs)
             Began as an Octopode Fighter on Mar 8, 2018.
             Killed from afar by an orc wizard (6 damage)
             ... with a puff of flame
             ... on level 3 of the Dungeon.
             The game lasted 00:08:54 (1888 turns).

ChromeMolly the Ducker (Octopode Fighter)           Turns: 1888, Time: 00:08:56

Health: -4/31      AC:  2    Str: 15    XL:     4   Next: 31%
Magic:  6/6        EV: 11    Int: 16    God:
Gold:   84         SH:  8    Dex: 11    Spells: 5/5 levels left

rFire    . . .     SeeInvis .   e - +2 dagger
rCold    . . .     Gourm    .   b - +0 shield
rNeg     . . .     Faith    .   k - +1 hat
rPois    .         Spirit   .   m - amulet of magic regeneration
rElec    .         Reflect  .   (no ring)
rCorr    .         Harm     .   (no ring)
MR       .....                  (no ring)
Stlth    +++.......             (no ring)
HPRegen  0.10/turn              (no ring)
MPRegen  0.35/turn              (no ring)
                                (no ring)
                                (no ring)

@: brilliant
A: almost no armour, stealthy swim, amphibious, 8 rings, constrict 8, camouflage
1, gelatinous body 1
a: no special abilities


You were on level 3 of the Dungeon.
You were very hungry.

You visited 1 branch of the dungeon, and saw 3 of its levels.

You collected 84 gold pieces.

Inventory:

Hand Weapons
 a - a +0 war axe
 e - a +2 dagger (weapon)
Missiles
 f - 113 stones (quivered)
Armour
 b - a +0 shield (worn)
 k - a +1 hat (worn)
Jewellery
 m - an amulet of magic regeneration (around mantle)
Scrolls
 h - 4 scrolls of remove curse
Potions
 c - 2 potions of might
Comestibles
 d - 4 rations


   Skills:
 + Level 3.3 Fighting
 * Level 0.8 Short Blades
 - Level 2.2 Axes
 * Level 0.5 Throwing
 + Level 3.3 Dodging
 * Level 2.3 Stealth
 + Level 3.2 Shields
 * Level 1.3 Spellcasting


You had 5 spell levels left.
You didn't know any spells.

Dungeon Overview and Level Annotations

Branches:
Dungeon (3/15)

Altars:


Innate Abilities, Weirdness & Mutations

You cannot wear most types of armour.
You are very stealthy in the water. (Stealth+)
You are amphibious.
You can wear up to eight rings at the same time.
You can use your tentacles to constrict eight enemies at once.
Your skin changes colour to match your surroundings (Stealth+).
Your rubbery body absorbs attacks. (AC +1, EV +1)


Message History

You hit something. You block something's attack.
You hear some strange, mumbled words.
A puff of frost appears from out of thin air!
The puff of frost hits you!
* * * LOW HITPOINT WARNING * * *
Okay, then.
You hit something. You block something's attack.
As you read the scroll labeled VANADGH GENYZO, it crumbles to dust.
You feel aware of your surroundings.
It was a scroll of magic mapping.
Something barely misses you. Something hits you but does no damage.
You hit something but do no damage. Something hits you.
* * * LOW HITPOINT WARNING * * *
You hit something. You squeeze something.
You hear some strange, mumbled words.
A puff of flame appears from out of thin air!
You block the puff of flame.
You hear some strange, mumbled words.
A puff of flame appears from out of thin air!
The puff of flame hits you!
You die...

**,,<,,*,,,,* *,,,,,*,**
,,,,*******,******.##*,*
,,,,,,,*,,,,**,,,...#*,*
**,,**,*,*****,**#..#*,*
**,,**,*,* *,* #..#*,*
,,,,**,,,* *,* #..#*,*
*,*,***,** #,* #..#*,*
*,*,* *,* ####K###..#*,*
,,,,***,* #..oo{@...#*,*
,,,,,,,,**#.##{###.##*,*
,,,,***,**,,,#,* #.# *,*
*,*,* *,*,*,*,,* #.#
*,******** *,*,*
*,,**,**,* #.#
*,,,,,,,,* *,*,*
*,,,,,,,,*
#.########**,*** *,*,*
**,**,**,*
#........#,,,,,* ,,,,*
**,*,*,**
########.#,,,,,* *****
**,,,** #.#,,,,,*


You could see 2 orcs and a kobold.

Vanquished Creatures
  An adder (D:2)
  An ooze (D:2)
  3 dart slugs (D:1)
  A leopard gecko (D:3)
  An orc (D:3)
  5 bats
  4 giant cockroaches
  5 goblins
  3 hobgoblins
  A kobold (D:1)
  A quokka (D:2)
  3 frilled lizards
  5 rats
34 creatures vanquished.

Vanquished Creatures (others)
  An orc wizard (D:3)
1 creature vanquished.

Grand Total: 35 creatures vanquished

Notes
Turn   | Place    | Note
-------+----------+-------------------------------------------
     0 | D:1      | ChromeMolly the Octopode Fighter began the quest for the Orb.
     0 | D:1      | Reached XP level 1. HP: 16/16 MP: 1/1
   171 | D:1      | Reached XP level 2. HP: 21/21 MP: 2/2
   180 | D:1      | Reached skill level 1 in Stealth
   670 | D:1      | Reached XP level 3. HP: 26/26 MP: 2/4
   952 | D:2      | Reached skill level 1 in Spellcasting
  1295 | D:2      | Found a faded altar of an unknown god.
  1853 | D:3      | Reached XP level 4. HP: 31/31 MP: 5/5
  1888 | D:3      | Killed from afar by an orc wizard

Skill      XL: |  1  2  3 |
---------------+----------+-----
Stealth        | 1 2 |  2.3
Spellcasting   | 1 |  1.3
Fighting       | |  3.3
Short Blades   | |  0.8
Axes           | |  2.2
Throwing       | |  0.5
Dodging        | |  3.3
Shields        | |  3.2

Action                   |  1- 3 |  4- 6 || total
-------------------------+-------+-------++-------
Melee: War axe           |    17 |       ||    17
       Constrict         |    18 |     1 ||    19
       Tentacles         |    12 |     3 ||    15
       Dagger            |    51 |    19 ||    70
Throw: Stone             |    30 |       ||    30
  Use: Scroll            |     5 |     1 ||     6
       Potion            |       |     3 ||     3
 Stab: Sleeping          |     7 |       ||     7
  Eat: Chunk             |     2 |       ||     2
Armor: Skin              |    10 |    12 ||    22
Dodge: Dodged            |    31 |     2 ||    33
Block: Shield            |    20 |     4 ||    24
